 Dungeon Crawl Stone Soup version 0.22-a0-247-gbddf880 (webtiles) character file.

2346 Alex the Basher (level 9, 0/74 HPs)
             Began as a Minotaur Fighter on Feb 24, 2018.
             Was an Initiate of Okawaru.
             Slain by a wight
             ... wielding a +0 war axe
              (4 damage)
             ... on level 7 of the Dungeon on Feb 25, 2018.
             The game lasted 00:28:17 (6225 turns).

Alex the Basher (Minotaur Fighter)                  Turns: 6225, Time: 00:28:18

Health: 0/74       AC:  7    Str: 24    XL:     9   Next: 20%
Magic:  8/8        EV:  7    Int:  5    God:    Okawaru [......]
Gold:   602        SH:  9    Dex: 10    Spells: 8/8 levels left

rFire    . . .     SeeInvis .   B - +3 flail (drain)
rCold    + . .     Gourm    .   c - +0 shield
rNeg     . . .     Faith    .   b - +1 scale mail
rPois    .         Spirit   .   (helmet restricted)
rElec    .         Reflect  .   (no cloak)
rCorr    .         Harm     .   (no gloves)
MR       .....                  (no boots)
Stlth    +.........             v - amulet of regeneration
HPRegen  0.62/turn              g - ring of stealth
MPRegen  0.11/turn              D - ring of protection from cold

@: very heavily drained
A: retaliatory headbutt, horns 2
a: Renounce Religion


You were on level 7 of the Dungeon.
You worshipped Okawaru.
Okawaru was noncommittal.
You were not hungry.

You visited 2 branches of the dungeon, and saw 8 of its levels.
You also visited: Ossuary.

You collected 602 gold pieces.

Inventory:

Hand Weapons
 a - a +0 flail
 y - a +3 flail of holy wrath
 B - a +3 flail of draining (weapon)
Missiles
 z - 7 tomahawks (quivered)
Armour
 b - a +1 scale mail (worn)
 c - a +0 shield (worn)
 e - a +0 chain mail
 t - a +0 plate armour
 w - a +2 robe of positive energy
 C - a +2 robe of magic resistance
Jewellery
 g - a ring of stealth (left hand)
 v - an amulet of regeneration (around neck)
 D - a ring of protection from cold (right hand)
Wands
 o - a wand of iceblast (9)
Scrolls
 h - a scroll of immolation
 i - a scroll of enchant weapon
 k - a scroll of blinking
 m - 4 scrolls of remove curse
 p - a scroll of noise
 q - 3 scrolls of teleportation
Potions
 d - 3 potions of might
 l - a potion of flight {unknown}
 n - 2 potions of curing {unknown}
 r - 2 potions of berserk rage {unknown}
 s - 2 potions of brilliance {unknown}
 u - 2 potions of invisibility {unknown}
 A - a potion of resistance {unknown}
Comestibles
 f - 10 rations
 j - 2 chunks of flesh


   Skills:
 - Level 5.0(1.5) Fighting
 * Level 11.3(7.2) Maces & Flails
 + Level 6.9(3.2) Armour
 + Level 3.0(0.0) Dodging
 + Level 6.6(3.0) Shields


You had 8 spell levels left.
You didn't know any spells.

Dungeon Overview and Level Annotations

Branches:
Dungeon (7/15)             Temple (1/1) D:7

Altars:
Ashenzari
Cheibriados
Dithmenos
Elyvilon
Gozag
Hepliaklqana
Makhleb
Nemelex Xobeh
Okawaru
Qazlal
Trog
Uskayaw
Vehumet
Wu Jian
Xom
Yredelemnul
Zin


Innate Abilities, Weirdness & Mutations

You reflexively headbutt those who attack you in melee.
You have a pair of horns on your head.


Message History

You destroy the wight!
Okawaru accepts your kill.
Things that are here:
an enchanted long sword; a robe
Items here: )) [[ a hand axe; a glowing robe; a dagger; a robe
Things that are here:
an enchanted long sword; a robe A wight comes into view.
It is wielding a war axe.
Things that are here:
a spear of freezing; a robe Your shield prevents you from hitting the wight.
The wight hits you with a war axe!
* * * LOW HITPOINT WARNING * * *
You feel drained.
You closely miss the wight. You barely miss the wight.
You block the wight's attack.
Your shield and scale mail prevent you from hitting the wight.
The wight hits you with a war axe.
You die...

'#########..............#
.........#.>............#
.........#.......########
.........#.......# .#
.........#.......# ..#
.###..##.#.......# ..<#
.###..############ ....#
..#..........[..##.....#
. #..........).)@......#
#............).z.....#
######...#######.....#
##...# .....# #....#
##### #....# #....#
#....# #....#


You could see a wight.

Vanquished Creatures
  Sigmund (D:4)
  Eustachio (D:4)
  An ice beast (D:5)
  An orc warrior (D:6)
  An elf zombie (Ossuary)
  3 bullfrogs
  Blork the orc (D:4)
  The ghost of Anachronus the Covered, a weakling MiFi of Okawaru (D:3)
  8 wights (D:7)
  A howler monkey (D:5)
  2 bullfrog zombies
  3 centaur zombies (Ossuary)
  3 hounds
  A jelly (D:6)
  2 orc priests
  A human zombie (Ossuary)
  3 iguanas
  7 orc wizards
  6 worker ants
  3 big kobold zombies (Ossuary)
  3 mummies
  3 gnolls (D:7)
  A howler monkey skeleton (D:5)
  7 adders
  2 oozes
  2 adder skeletons (D:4)
  2 worms
  2 dart slugs
  A leopard gecko (D:6)
  16 orcs
  12 bats
  6 giant cockroaches
  4 gnoll zombies (Ossuary)
  4 goblins
  3 hobgoblins (D:1)
  2 jackals (D:5)
  4 quokkas
  4 frilled lizards
  A goblin zombie (D:7)
  A hobgoblin zombie (Ossuary)
  7 kobolds
  A kobold zombie (D:7)
  A leopard gecko skeleton (D:4)
  An orc zombie (Ossuary)
  A quokka skeleton (D:5)
  A quokka zombie (D:6)
  7 rats
149 creatures vanquished.

Vanquished Creatures (others)
  An orc (D:7)
1 creature vanquished.

Grand Total: 150 creatures vanquished

Notes
Turn   | Place    | Note
-------+----------+-------------------------------------------
     0 | D:1      | Alex the Minotaur Fighter began the quest for the Orb.
     0 | D:1      | Reached XP level 1. HP: 19/19 MP: 0/0
   133 | D:1      | Reached XP level 2. HP: 23/27 MP: 1/1
   423 | D:1      | Reached skill level 3 in Maces & Flails
   743 | D:2      | You fall through a shaft!
   747 | D:3      | Reached XP level 3. HP: 33/33 MP: 2/2
  1191 | D:2      | Reached XP level 4. HP: 40/40 MP: 3/3
  1871 | D:2      | Reached skill level 4 in Maces & Flails
  2167 | D:3      | Found a hide-covered altar of Uskayaw.
  2195 | D:3      | Noticed Anachronus's ghost (weakling MiFi)
  2208 | D:3      | Killed Anachronus's ghost
  2208 | D:3      | Reached skill level 1 in Dodging
  2208 | D:3      | Reached XP level 5. HP: 46/46 MP: 4/4
  2760 | D:4      | Noticed Blork the orc
  2779 | D:4      | Killed Blork the orc
  2779 | D:4      | Reached skill level 5 in Maces & Flails
  2789 | D:4      | Reached XP level 6. HP: 33/53 MP: 5/5
  2961 | D:4      | Noticed Eustachio
  2985 | D:4      | Killed Eustachio
  2985 | D:4      | Reached skill level 6 in Maces & Flails
  2985 | D:4      | Reached skill level 5 in Armour
  2985 | D:4      | Reached skill level 5 in Shields
  3282 | D:4      | Noticed Sigmund
  3298 | D:4      | Killed Sigmund
  3298 | D:4      | Reached XP level 7. HP: 33/60 MP: 6/6
  3441 | D:4      | Reached skill level 7 in Maces & Flails
  3980 | D:4      | Found a white marble altar of Elyvilon.
  4064 | D:5      | Entered Level 5 of the Dungeon
  4070 | D:5      | Reached skill level 5 in Fighting
  4281 | D:5      | Found a hazy altar of Hepliaklqana.
  4413 | D:5      | Reached skill level 8 in Maces & Flails
  4688 | D:6      | Reached XP level 8. HP: 67/68 MP: 7/7
  4821 | D:6      | Reached skill level 9 in Maces & Flails
  4857 | D:6      | Found a stormy altar of Qazlal.
  4857 | D:6      | Found a shimmering altar of Xom.
  4862 | D:6      | Found an ornate altar of the Wu Jian Council.
  4864 | D:6      | Found a glowing silver altar of Zin.
  4866 | D:6      | Found an opulent altar of Gozag.
  5026 | D:6      | Found a radiant altar of Vehumet.
  5408 | D:7      | Reached skill level 10 in Maces & Flails
  5532 | D:7      | Found a sand-covered staircase.
  5542 | Ossuary  | Entered an ossuary
  5767 | D:7      | Reached XP level 9. HP: 47/74 MP: 8/8
  5906 | D:7      | Reached skill level 11 in Maces & Flails
  5933 | D:7      | Found a staircase to the Ecumenical Temple.
  5937 | Temple   | Entered the Ecumenical Temple
  6054 | Temple   | Became a worshipper of Warmaster Okawaru
  6222 | D:7      | HP: 2/74 [wight/war axe (8)]
  6225 | D:7      | Slain by a wight

Vault maps used:
D:1:      nagdon_arrival_double_spiral
D:3:      lemuel_doored_altar, first_ration, grunt_ministairs_8,
          kennysheep_cluttered_room
D:4:      kennysheep_little_box, hex_medium, kennysheep_decorative_pillar,
          st_stairs_5, uniq_eustachio, uniq_sigmund, uniq_blork_the_orc
D:5:      lemuel_round_altar, serial_bayou_pond_c
D:6:      lemuel_round_altar, chequers_temple_overflow_minitemple,
          minmay_misc_feat_roman
D:7:      lemuel_blue_sif_altar, temple_hall_moat, nicolae_ossuary_entry_giza
Temple:   minmay_temple_curvy_loop
Ossuary:  minmay_ossuary_gauntlet

Skill      XL: |  1  2  3  4  5  6  7  8  9 |
---------------+----------------------------+-----
Maces & Flails | 3 4 5 6 8 10 11 | 11.3
Fighting       | 4 5 |  5.0
Armour         | 4 5 6 |  6.9
Shields        | 4 5 6 |  6.6
Dodging        | 1 2 3 |  3.0

Action                   |  1- 3 |  4- 6 |  7- 9 || total
-------------------------+-------+-------+-------++-------
Melee: Flail             |    92 |   123 |   314 ||   529
       Headbutt          |     4 |    19 |    51 ||    74
  Use: Scroll            |       |       |    13 ||    13
  Eat: Chunk             |     1 |     7 |     6 ||    14
       Ration            |       |       |     1 ||     1
Armor: Scale mail        |    48 |    56 |   103 ||   207
Dodge: Dodged            |    28 |    47 |    79 ||   154
Block: Shield            |    46 |    67 |   164 ||   277

Table legend:
 A = Spawn XP
 B = Non-spawn XP
 C = Spawn XP percentage of total XP
 D = Spawn monster count
 E = Non-spawn monster count
 F = Spawn count percentage of total count
 G = Total turns spent on level
                    A         B        C        D         E        F      G
               +---------+---------+-------+---------+---------+-------+---------
         Total |       0 |    3352 |   0.0 |       0 |     150 |   0.0 |  6225
               +---------+---------+-------+---------+---------+-------+---------
           D:1 |       0 |      38 |   0.0 |       0 |      23 |   0.0 |   720
           D:2 |       0 |      36 |   0.0 |       0 |      13 |   0.0 |  1020
           D:3 |       0 |     126 |   0.0 |       0 |      15 |   0.0 |   709
           D:4 |       0 |     770 |   0.0 |       0 |      21 |   0.0 |  1627
           D:5 |       0 |     402 |   0.0 |       0 |      19 |   0.0 |   547
           D:6 |       0 |     697 |   0.0 |       0 |      19 |   0.0 |   774
           D:7 |       0 |     880 |   0.0 |       0 |      24 |   0.0 |   532
       Ossuary |       0 |     403 |   0.0 |       0 |      16 |   0.0 |   167
               +---------+---------+-------+---------+---------+-------+---------
